 Dungeon Crawl Stone Soup version 0.31.0-11-ge490571c62 (webtiles) character file.

Game seed: 9944003968520255163

1 Bravepunisher the Ducker (level 1, -1/11 HPs)
             Began as a Spriggan Monk on Jan 26, 2024.
             Slain by a phantom (6 damage)
             ... on level 5 of the Dungeon.
             The game lasted 00:05:35 (756 turns).

Bravepunisher the Ducker (Spriggan Monk)             Turns: 756, Time: 00:05:37

Health: -1/11      AC:  1    Str:  7    XL:     1   Next: 16%
Magic:  2/2        EV: 18    Int: 11    God:
Gold:   31         SH:  0    Dex: 17    Spells: 0/0 levels left

rFire   . . .        a - +0 short sword
rCold   . . .        (no shield)
rNeg    . . .        b - +0 robe
rPois   .            (helmet restricted)
rElec   .            (no cloak)
rCorr   .            (gloves unavailable)
SInv    +            (boots unavailable)
Will    .....        (no amulet)
Stlth   ++           (no ring)
HPRegen 0.21/turn    (no ring)
MPRegen 0.08/turn

%: no passive effects
@: very quick
A: very small, no large weapons, unfitting armour, see invisible, speed 3, horns
1, talons 1, deformed body, MP-powered wands
a: no special abilities


You were on level 5 of the Dungeon.
You visited 1 branch of the dungeon, and saw 7 of its levels.

You collected 31 gold pieces.

Inventory:

Hand Weapons
 a - a +0 short sword (weapon)
Armour
 b - a +0 robe (worn)
Jewellery
 h - an amulet of faith
Wands
 j - a wand of charming (4)
Scrolls
 f - a scroll of blinking
 g - 2 scrolls of identify
Potions
 c - a potion of ambrosia


   Skills:
 * Level 2.4 Fighting
 + Level 3.3 Short Blades
 + Level 4.0 Dodging


You couldn't memorise any spells.
You didn't know any spells.
Your spell library contained the following spells:

 Spells                   Type           Power      Damage    Failure   Level
 Tukima's Dance           Hex            0%         N/A       71%         3
 Dimensional Bullseye     Hex/Tloc       0%         N/A       98%         4
 Iskenderun's Mystic Bla  Conj/Tloc      0%         2d3       98%         4


Dungeon Overview and Level Annotations

Branches:
Dungeon (7/15)
 Temple: D:4-7

Altars:
Ashenzari
Vehumet
Xom

Shops:
D:7 *

Annotations:
D:6 Blork the orc, Sigmund


Innate Abilities, Weirdness & Mutations

You are very small and have problems with some larger weapons.
You are too small for most types of armour.
You have supernaturally acute eyesight. (SInv)
You cover ground extremely quickly. (Speed+++)
You have a pair of small horns on your head.
You have sharp toenails.
Armour fits poorly on your strangely shaped body.
You expend magic power (3 MP) to strengthen your wands.


Message History

d - a potion of mutation You feel extremely strange.
Your body twists and deforms.
You feel your magical essence link to the dungeon's wands.
A pair of horns grows on your head!
Your toenails lengthen and sharpen.
As you read the scroll labelled LEPLOUHO WELU, it crumbles to dust.
You feel aware of your surroundings.
You sensed 1 shop/portal.
It was a scroll of revelation.
As you read the scroll labelled DOATTO BUTO, it crumbles to dust.
You feel strangely unstable.
It was a scroll of teleportation.
You see here a +0 dire flail.
Your surroundings suddenly seem different.
An orc comes into view. It is wielding a +0 whip.
Found an escape hatch in the ceiling.
Found a stone staircase leading down.
The orc barely misses you.
Found Lerius's Mail-Order Catalogue.
A kobold comes into view. It is wielding a +0 club.
The kobold shouts!
There is an entrance to Lerius's Mail-Order Catalogue here.
The orc hits you with a +0 whip. The orc barely misses you.
There is an escape hatch in the ceiling here.
A mysterious force pulls you upwards. The hatch slams shut behind you.
Level annotation: Sigmund The iguana hisses angrily.
Found a shimmering altar of Xom.
Found a scroll of identify.
Found 12 gold pieces.
Found a radiant altar of Vehumet.
Found a broken altar of Ashenzari.
Blork the orc comes into view.
He is wielding a +0 short sword.
Found 14 gold pieces.
There is a stone staircase leading up here.
You climb upwards.
The scorpion stings you.
Ouch! That really hurt!
The scorpion completely misses you.
The scorpion stings you but does no damage.
The phantom hits you.
Ouch! That really hurt!
You die...

.. .. .... ..
.... .# .....
#### ..... #..
..?...##r#
......#ss######
......'@.......
......#.W######
......#.....# ##.
............#....
.................
$..........##....
...........##....
#######..........
#.####.....


You could see a phantom, 2 scorpions and a quokka.

Vanquished Creatures
  A jackal (D:2)
1 creature vanquished.

Notes
Turn   | Place    | Note
-------+----------+-------------------------------------------
     0 | D:1      | Bravepunisher the Spriggan Monk began the quest for the
                  | Orb.
     0 | D:1      | Reached XP level 1. HP: 11/11 MP: 2/2
   187 | D:2      | Found a faded altar of an unknown god.
   274 | D:5      | Entered Level 5 of the Dungeon
   282 | D:5      | Noticed a phantom
   370 | D:4      | Noticed a hound
   372 | D:4      | Noticed a hound
   387 | D:4      | Noticed a scorpion
   444 | D:4      | Noticed a scorpion
   448 | D:5      | Noticed a scorpion
   451 | D:5      | Noticed a phantom
   451 | D:5      | Noticed a scorpion
   464 | D:6      | Noticed a scorpion
   478 | D:6      | Found the +5 Force Lance {heavy, knockback}
   481 | D:6      | Noticed Sigmund
   497 | D:7      | Noticed an ice beast
   530 | D:7      | Noticed a kobold brigand
   530 | D:7      | Noticed a black bear
   614 | D:7      | Noticed a lemure
   624 | D:7      | Gained mutation: Armour fits poorly on your strangely
                  | shaped body. [potion of mutation]
   624 | D:7      | Gained mutation: You expend magic power (3 MP) to
                  | strengthen your wands. [potion of mutation]
   624 | D:7      | Gained mutation: You have a pair of small horns on your
                  | head. [potion of mutation]
   624 | D:7      | Gained mutation: You have sharp toenails. [potion of
                  | mutation]
   652 | D:7      | Found Lerius's Mail-Order Catalogue.
   665 | D:6      | Noticed a sky beast
   665 | D:6      | Noticed an iguana
   685 | D:6      | Found a shimmering altar of Xom.
   687 | D:6      | Found a radiant altar of Vehumet.
   688 | D:6      | Found a broken altar of Ashenzari.
   692 | D:6      | Noticed Blork the orc
   756 | D:5      | Slain by a phantom

Illustrated notes

Levels and vault maps discovered:
D:1:      dpeg_arrival_rooms_a, layout_rooms, minivault_23, item_on_display_b
D:2:      layout_loops_cross, hellmonk_ecumenical_altar_run_dry, uniq_robin
D:3:      cheibrodos_thug_alley, layout_rooms, kennysheep_generic_room_12,
          uniq_grinder, uniq_terence
D:4:      layout_cave_pods, minmay_box_of_dots
D:5:      layout_basic, minmay_temple_entry_stoned_glass,
          gammafunk_ghost_abyssal_escape
D:6:      layout_cave_pods, grunt_temple_overflow_open, grunt_ministairs_14,
          minmay_misc_feat_x, uniq_sigmund, uniq_jeremiah, uniq_blork_the_orc
D:7:      layout_basic, chequers_arboretum, monkooky_shop_mail_order, uniq_pikel

Action                     || total
---------------------------++-------
  Melee: Short sword       ||    10
    Use: Scroll            ||     4
         Potion            ||     1
 Armour: Robe              ||    12
  Dodge: Dodged            ||    36
